WCHLSIM.com - West Coast Hockey League
html PUBLIC "-//W3C//DTD XHTML 1.0 Transitional//EN" "http://www.w3.org/TR/xhtml1/DTD/xhtml1-transitional.dtd"> WCHL - Game 663 - PORTLAND PIRATES vs WINNIPEG BEAVERS

PORTLAND PIRATES vs WINNIPEG BEAVERS

Created - 15 janvier 2024 at 11:19

Goals
1 2 3 T
PORTLAND PIRATES 0 0 1 1
WINNIPEG BEAVERS 3 0 2 5
Shots
1 2 3 T
PORTLAND PIRATES 10 15 4 29
WINNIPEG BEAVERS 11 10 10 31

1st period

1. WINNIPEG BEAVERS , Sean Kuraly 4 (Matthew Nieto 2, Carson Soucy 6) at 11:18
2. WINNIPEG BEAVERS , Ondrej Palat 12 (Sam Bennett 19, Alexander DeBrincat 21) at 12:28
3. WINNIPEG BEAVERS , Trevor Lewis 2 (Brandon Tanev 8, Brayden Schenn 17) at 17:19

Penalties :
Alec Martinez (POR) for Roughing (Minor) at 1:35, William Carrier (POR) for Interference (Minor) at 12:41, Travis Hamonic (POR) for Hooking (Minor) at 15:09, Adam Larsson (WIN) for Interference (Minor) at 17:39

2nd period

No Goal

Penalties :
Sam Bennett (WIN) for Tripping (Minor) at 7:56

3rd period

4. PORTLAND PIRATES , Pavel Zacha 11 (Mika Zibanejad 27, Travis Konecny 25) at 1:37
5. WINNIPEG BEAVERS , Alexander DeBrincat 19 (Sam Bennett 20, John Carlson 21) at 4:52
6. WINNIPEG BEAVERS , Adam Larsson 2 (Brayden Schenn 18) at 11:46 (PP)

Penalties :
Sam Bennett (WIN) for Cross-checking (Minor) at 7:02, Yanni Gourde (POR) for Roughing (Minor) at 10:08, Travis Konecny (POR) for Hooking (Minor) at 13:18

Goalie Stats

Cameron Talbot (POR), 6 saves from 7 shots - (0,857), 15:08 minutes
Martin Jones (POR), 20 saves from 24 shots - (0,833), L, 24-15-1, 44:52 minutes
Ville Husso (WIN), 28 saves from 29 shots - (0,966), W, 22-12-3, 60:00 minutes

Players Stats for PORTLAND PIRATES

Player Name              G  A  P  +/- PIM S  H  SB GA TA FO     MP     PP MP  PK MP  
------------------------------------------------------------------------------------
Alec Martinez            0  0  0  -2  2   0  1  0  0  0  0/0    16:55   0:00   3:37 
Brett Pesce              0  0  0   0  0   3  1  4  0  0  0/0    20:48   0:22   5:57 
Brian Dumoulin           0  0  0  -1  0   1  1  2  0  0  0/0    19:57   0:00   3:16 
Chandler Stephenson      0  0  0   0  0   4  1  0  0  0  13/22  18:52   2:41   0:11 
Marc Staal               0  0  0  -1  0   0  0  2  0  0  0/0    21:44   0:00   5:37 
Michael Amadio           0  0  0  -1  0   2  0  0  0  0  0/2    15:22   3:41   2:55 
Michael McLeod           0  0  0  -1  0   2  0  1  0  0  11/18  16:00   0:00   6:28 
Mika Zibanejad           0  1  1  -2  0   4  1  0  0  0  7/20   18:49   3:41   0:00 
Nathan Bastian           0  0  0   0  0   0  1  0  0  0  0/0    10:20   0:37   6:28 
Nick Holden              0  0  0  -2  0   1  1  0  0  0  0/0    17:05   3:26   0:20 
Pavel Zacha              1  0  1  -2  0   1  1  0  0  0  0/0    17:24   2:16   0:00 
Robert Thomas            0  0  0   0  0   4  0  0  0  0  2/4    17:39   1:39   0:00 
Ryan Donato              0  0  0   0  0   0  0  0  0  0  0/2     4:04   0:15   0:00 
Samuel Blais             0  0  0   0  0   0  0  0  0  0  0/0     7:37   2:31   0:31 
Travis Hamonic           0  0  0   0  2   0  1  0  0  0  0/0    17:54   2:31   0:21 
Travis Konecny           0  1  1  -2  2   4  4  0  0  0  0/4    18:48   3:41   0:00 
William Carrier          0  0  0  -1  2   1  0  0  0  0  1/2    10:50   0:45   0:00 
Yanni Gourde             0  0  0   0  2   2  2  0  0  0  2/4    20:13   1:39   2:35 

Players Stats for WINNIPEG BEAVERS

Player Name              G  A  P  +/- PIM S  H  SB GA TA FO     MP     PP MP  PK MP  
------------------------------------------------------------------------------------
Adam Larsson             1  0  1  -1  2   4  0  0  0  0  0/0    24:51   4:27   2:21 
Alexander DeBrincat      1  1  2   1  0   4  1  0  0  0  0/1    20:23   5:06   0:12 
Brandon Saad             0  0  0   0  0   1  0  0  0  0  1/3    21:43   4:28   3:09 
Brandon Tanev            0  1  1   0  0   3  0  0  0  0  0/0    18:28   4:22   0:00 
Brayden Schenn           0  2  2   0  0   1  1  0  0  0  15/22  21:22   4:28   2:48 
Cal Clutterbuck          0  0  0   0  0   0  0  0  0  0  1/1     7:08   0:00   1:27 
Caleb Jones              0  0  0   2  0   0  1  2  0  0  0/0     9:37   3:05   0:58 
Carson Soucy             0  1  1   2  0   1  4  0  0  0  0/0    16:32   1:26   2:26 
Derick Brassard          0  0  0   0  0   1  1  0  0  0  3/6     6:40   0:06   0:32 
John Carlson             0  1  1   0  0   1  0  0  0  0  0/0    21:29   4:31   0:15 
Luke Schenn              0  0  0   1  0   0  7  3  0  0  0/0    19:41   0:36   1:36 
Matthew Nieto            0  1  1   2  0   1  0  0  0  0  0/0     9:37   0:00   0:00 
Nick Cousins             0  0  0   0  0   0  0  0  0  0  0/0     5:41   0:00   0:00 
Ondrej Palat             1  0  1   1  0   4  1  0  0  0  1/1    20:11   5:06   0:00 
Sam Bennett              0  2  2   1  4   3  1  0  0  0  9/23   21:19   5:06   1:10 
Sean Kuraly              1  0  1   2  0   2  0  0  0  0  11/19  12:25   0:00   2:48 
Trevor Lewis             1  0  1   2  0   3  1  1  0  0  1/2     9:37   0:00   0:00 
Victor Hedman            0  0  0   2  0   2  0  1  0  0  0/0    27:16   5:03   4:06 

3 Stars

1 - Alexander DeBrincat (WIN)
2 - Trevor Lewis (WIN)
3 - Sean Kuraly (WIN)

Power Play

PORTLAND PIRATES - 0 on 3 Attempt(s) - 0,00%
WINNIPEG BEAVERS - 1 on 5 Attempt(s) - 20,00%

Penalty Kill

PORTLAND PIRATES - 4 on 5 Attempt(s) - 80,00% - Score 0 goal in Penalty Kill
WINNIPEG BEAVERS - 3 on 3 Attempt(s) - 100,00% - Score 0 goal in Penalty Kill

Team Stat

PORTLAND PIRATES - Hits : 15 - Faceoff Wins : 36 - Blocked Shots : 9 - Penalty Minutes : 10
WINNIPEG BEAVERS - Hits : 18 - Faceoff Wins : 42 - Blocked Shots : 7 - Penalty Minutes : 6

Official

Referees : Trevor Hanson and Dave Lewis
Linesman : Derek Wahl and Brad Kovachik

Game Notes

Caleb Jones is injured at 9:57 of 2nd period (Broken Right Foot Toe)
Cameron Talbot enters game at 4:52 of 3rd period

Finance

Level 1 -- Attendance: 6000 (100,00%) -- Ticket Income 936 000 $
Level 2 -- Attendance: 4694 (93,88%) -- Ticket Income 558 586 $
Level 3 -- Attendance: 2000 (100,00%) -- Ticket Income 190 000 $
Level 4 -- Attendance: 4000 (100,00%) -- Ticket Income 292 000 $
Luxury Box -- Attendance: 861 (86,10%) -- Ticket Income 288 435 $
Total Attendance: 17555 (97,53%)
Total Ticket Income: 2 265 021 $
Other Expense: 22 650 $
Total Income: 2 242 371 $

PORTLAND PIRATES

5 vs 5 Forward 
   Center                   Left Wing                Right Wing               Time % Phy DF OF 
 1 Mika Zibanejad           Pavel Zacha              Travis Konecny           33     0   2  3  
 2 Chandler Stephenson      Yanni Gourde             Robert Thomas            33     0   2  3  
 3 Michael McLeod           William Carrier          Michael Amadio           24     0   3  2  
 4 Ryan Donato              Samuel Blais             Nathan Bastian           10     0   3  2  

5 vs 5 Defense 
   Defense                  Defense                                           Time % Phy DF OF 
 1 Brett Pesce              Travis Hamonic                                    34     0   4  1  
 2 Brian Dumoulin           Marc Staal                                        34     0   4  1  
 3 Alec Martinez            Nick Holden                                       22     0   4  1  
 4 Alec Martinez            Nick Holden                                       10     0   4  1  

PowerPlay Forward 
   Center                   Left Wing                Right Wing               Time % Phy DF OF 
 1 Mika Zibanejad           Chandler Stephenson      Travis Konecny           60     0   0  5  
 2 Robert Thomas            Pavel Zacha              Yanni Gourde             40     0   0  5  

PowerPlay Defense
   Defense                  Defense                                           Time % Phy DF OF 
 1 Nick Holden              Michael Amadio                                    60     0   1  4  
 2 Travis Hamonic           Samuel Blais                                      40     0   1  4  

Penalty Kill 4 Players Forward 
   Center                   Wing                     Time % Phy DF OF 
 1 Michael McLeod           Nathan Bastian           60     0   5  0  
 2 Yanni Gourde             Michael Amadio           40     0   5  0  

Penalty Kill 4 Players Defense
   Defense                  Defense                  Time % Phy DF OF 
 1 Brett Pesce              Marc Staal               60     0   5  0  
 2 Brian Dumoulin           Alec Martinez            40     0   5  0  

Penalty Kill - 3 Players Forward 
   Forward                                           Time % Phy DF OF 
 1 Michael McLeod                                    55     0   5  0  
 2 Chandler Stephenson                               45     0   5  0  

Penalty Kill - 3 Players Defense
   Defense                  Defense                  Time % Phy DF OF 
 1 Brian Dumoulin           Travis Hamonic           55     0   5  0  
 2 Brett Pesce              Marc Staal               45     0   5  0  

4 vs 4 Forward 
   Center                   Wing                     Time % Phy DF OF 
 1 Mika Zibanejad           Travis Konecny           55     0   1  4  
 2 Chandler Stephenson      Robert Thomas            45     0   1  4  

4 vs 4 Defense
   Defense                  Defense                  Time % Phy DF OF 
 1 Alec Martinez            Nick Holden              55     0   2  3  
 2 Marc Staal               Travis Hamonic           45     0   2  3  

Last Minutes Offensive
   Center                   Left Wing                Right Wing               Defense                  Defense                  
   Mika Zibanejad           Travis Konecny           Robert Thomas            Brian Dumoulin           Brett Pesce              

Last Minutes Defensive
   Center                   Left Wing                Right Wing               Defense                  Defense                  
   Michael McLeod           Chandler Stephenson      Yanni Gourde             Brian Dumoulin           Brett Pesce              

Goaltenders
Starting : Martin Jones             
Backup : Cameron Talbot           

Extra Forwards
Normal : William Carrier, Michael McLeod, Michael Amadio - PP : William Carrier, Michael Amadio - PK : Samuel Blais
Extra Defensemen
Normal : Alec Martinez, Marc Staal, Travis Hamonic - PP : Brett Pesce - PK : Alec Martinez, Nick Holden
Penalty Shots
Mika Zibanejad, Travis Konecny, Robert Thomas, Chandler Stephenson, Pavel Zacha
Custom OT Lines Forwards
Mika Zibanejad, Robert Thomas, Travis Konecny, Chandler Stephenson, Yanni Gourde, Pavel Zacha, William Carrier, Michael McLeod, Michael Amadio, Samuel Blais
Custom OT Lines Defensemen
Brett Pesce, Brian Dumoulin, Travis Hamonic, Marc Staal, Nick Holden

Scratches
Ryan McLeod (Left Hip Injury), Thomas Chabot (Left Hip Injury), Sam Steel (Back Spasms Injury)

WINNIPEG BEAVERS

5 vs 5 Forward 
   Center                   Left Wing                Right Wing               Time % Phy DF OF 
 1 Sam Bennett              Ondrej Palat             Alexander DeBrincat      36     0   2  3  
 2 Brayden Schenn           Brandon Tanev            Brandon Saad             34     1   2  2  
 3 Sean Kuraly              Matthew Nieto            Trevor Lewis             24     2   2  1  
 4 Derick Brassard          Nick Cousins             Cal Clutterbuck          6      2   2  1  

5 vs 5 Defense 
   Defense                  Defense                                           Time % Phy DF OF 
 1 Victor Hedman            Luke Schenn                                       36     1   2  2  
 2 John Carlson             Adam Larsson                                      34     1   2  2  
 3 Caleb Jones              Carson Soucy                                      25     1   3  1  
 4 Victor Hedman            John Carlson                                      5      1   2  2  

PowerPlay Forward 
   Center                   Left Wing                Right Wing               Time % Phy DF OF 
 1 Sam Bennett              Ondrej Palat             Alexander DeBrincat      50     0   0  5  
 2 Brayden Schenn           Brandon Tanev            Brandon Saad             50     1   0  4  

PowerPlay Defense
   Defense                  Defense                                           Time % Phy DF OF 
 1 Victor Hedman            Adam Larsson                                      50     0   0  5  
 2 Caleb Jones              John Carlson                                      50     0   0  5  

Penalty Kill 4 Players Forward 
   Center                   Wing                     Time % Phy DF OF 
 1 Sean Kuraly              Brayden Schenn           51     0   4  1  
 2 Sam Bennett              Brandon Saad             49     0   4  1  

Penalty Kill 4 Players Defense
   Defense                  Defense                  Time % Phy DF OF 
 1 Victor Hedman            Adam Larsson             53     1   4  0  
 2 Carson Soucy             Luke Schenn              47     1   4  0  

Penalty Kill - 3 Players Forward 
   Forward                                           Time % Phy DF OF 
 1 Sean Kuraly                                       55     1   2  2  
 2 Sam Bennett                                       45     1   2  2  

Penalty Kill - 3 Players Defense
   Defense                  Defense                  Time % Phy DF OF 
 1 Victor Hedman            John Carlson             55     1   2  2  
 2 Adam Larsson             Luke Schenn              45     1   2  2  

4 vs 4 Forward 
   Center                   Wing                     Time % Phy DF OF 
 1 Sam Bennett              Alexander DeBrincat      52     1   2  2  
 2 Sean Kuraly              Ondrej Palat             48     1   2  2  

4 vs 4 Defense
   Defense                  Defense                  Time % Phy DF OF 
 1 Victor Hedman            John Carlson             52     1   2  2  
 2 Adam Larsson             Luke Schenn              48     1   2  2  

Last Minutes Offensive
   Center                   Left Wing                Right Wing               Defense                  Defense                  
   Brayden Schenn           Sam Bennett              Alexander DeBrincat      Victor Hedman            John Carlson             

Last Minutes Defensive
   Center                   Left Wing                Right Wing               Defense                  Defense                  
   Brayden Schenn           Sam Bennett              Brandon Saad             Victor Hedman            John Carlson             

Goaltenders
Starting : Ville Husso              
Backup : Logan Thompson           

Extra Forwards
Normal : Sam Bennett, Brayden Schenn, Brandon Saad - PP : Brandon Saad, Brayden Schenn - PK : Cal Clutterbuck
Extra Defensemen
Normal : Caleb Jones, Carson Soucy, Adam Larsson - PP : Caleb Jones - PK : Carson Soucy, Adam Larsson
Penalty Shots
Brayden Schenn, Sam Bennett, Alexander DeBrincat, Ondrej Palat, John Carlson
Custom OT Lines Forwards
Brayden Schenn, Alexander DeBrincat, Sam Bennett, Ondrej Palat, Sean Kuraly, Brandon Saad, Brandon Tanev, Derick Brassard, Cal Clutterbuck, Trevor Lewis
Custom OT Lines Defensemen
Victor Hedman, John Carlson, Adam Larsson, Luke Schenn, Caleb Jones

Scratches
Dylan Gambrell (Healthy)

% Time on Ice - PORTLAND PIRATES

Lines # - Real PCT - Wanted PCT - Time Play
Normal Forward
1 - 34% - 33% - 15:08
2 - 36% - 33% - 16:00
3 - 21% - 24% - 9:32
4 - 9% - 10% - 3:49
Normal Defense
1 - 34% - 34% - 15:07
2 - 36% - 34% - 16:03
3 - 23% - 22% - 10:17
4 - 7% - 10% - 3:02
PP Forward
1 - 62% - 60% - 3:41
2 - 38% - 40% - 2:16
PP Defense
1 - 58% - 60% - 3:26
2 - 42% - 40% - 2:31
PK Forward
1 - 70% - 60% - 6:39
2 - 30% - 40% - 2:55
PK Defense
1 - 62% - 60% - 5:57
2 - 38% - 40% - 3:37
PK3 Forward
1 - 0% - 55%
2 - 0% - 45%
PK3 Defense
1 - 0% - 55%
2 - 0% - 45%
44 Forward
1 - 0% - 55%
2 - 0% - 45%
44 Defense
1 - 0% - 55%
2 - 0% - 45%
Last Minute Offensive  - 0:00
Last Minute Defensive  - 0:00
Total
Forward - 60:00
Defense - 60:00

% Time on Ice - WINNIPEG BEAVERS

Lines # - Real PCT - Wanted PCT - Time Play
Normal Forward
1 - 34% - 36% - 15:05
2 - 32% - 34% - 14:06
3 - 22% - 24% - 9:37
4 - 13% - 6% - 5:41
Normal Defense
1 - 32% - 36% - 14:10
2 - 32% - 34% - 14:20
3 - 31% - 25% - 13:36
4 - 5% - 5% - 2:23
PP Forward
1 - 53% - 50% - 5:06
2 - 47% - 50% - 4:28
PP Defense
1 - 53% - 50% - 5:03
2 - 47% - 50% - 4:31
PK Forward
1 - 47% - 51% - 2:48
2 - 53% - 49% - 3:09
PK Defense
1 - 70% - 53% - 4:09
2 - 30% - 47% - 1:48
PK3 Forward
1 - 0% - 55%
2 - 0% - 45%
PK3 Defense
1 - 0% - 55%
2 - 0% - 45%
44 Forward
1 - 0% - 52%
2 - 0% - 48%
44 Defense
1 - 0% - 52%
2 - 0% - 48%
Last Minute Offensive  - 0:00
Last Minute Defensive  - 0:00
Total
Forward - 60:00
Defense - 60:00

Play-by-Play

1st period


0:01 of 1st period - Mika Zibanejad wins face-off versus Sam Bennett in neutral zone.
0:12 of 1st period - Pavel Zacha is hit by Luke Schenn and loses puck.
0:20 of 1st period - Travis Konecny is hit by Luke Schenn and loses puck.
0:46 of 1st period - Travis Konecny is hit by Luke Schenn and loses puck.
0:59 of 1st period - Shot by Chandler Stephenson.
0:59 of 1st period - Deflect By Robert Thomas.
0:59 of 1st period - Stopped by Ville Husso without a rebound.
1:00 of 1st period - Brayden Schenn wins face-off versus Michael Amadio in WINNIPEG BEAVERS zone.
1:35 of 1st period - Minor Penalty to Alec Martinez for Roughing.
1:36 of 1st period - Michael McLeod wins face-off versus Sam Bennett in PORTLAND PIRATES zone.
2:15 of 1st period - Brett Pesce is hit by Brayden Schenn and loses puck.
2:46 of 1st period - Shot by Victor Hedman.
2:46 of 1st period - Shot Misses the Net.
2:48 of 1st period - Shot by Victor Hedman.
2:48 of 1st period - Shot Blocked by Brett Pesce.
3:22 of 1st period - Shot by Alexander DeBrincat.
3:22 of 1st period - Shot Blocked by Michael McLeod.
3:24 of 1st period - Shot by Caleb Jones.
3:24 of 1st period - Shot Blocked by Brett Pesce.
4:21 of 1st period - Yanni Gourde is hit by Carson Soucy and loses puck.
4:27 of 1st period - Alec Martinez is hit by Caleb Jones and loses puck.
4:38 of 1st period - Carson Soucy is hit by Yanni Gourde.
4:39 of 1st period - Icing by Carson Soucy.
4:40 of 1st period - Derick Brassard wins face-off versus Travis Konecny in WINNIPEG BEAVERS zone.
4:50 of 1st period - Carson Soucy is hit by Travis Konecny and loses puck.
5:20 of 1st period - Travis Konecny is hit by Carson Soucy and loses puck.
5:35 of 1st period - Shot by Yanni Gourde.
5:35 of 1st period - Stopped by Ville Husso with a rebound.
6:04 of 1st period - Alec Martinez is hit by Carson Soucy and loses puck.
6:53 of 1st period - Shot by Mika Zibanejad.
6:53 of 1st period - Deflect By Travis Konecny.
6:53 of 1st period - Shot Blocked by Caleb Jones.
6:55 of 1st period - Shot by Brett Pesce.
6:55 of 1st period - Stopped by Ville Husso without a rebound.
6:56 of 1st period - Brayden Schenn wins face-off versus Mika Zibanejad in WINNIPEG BEAVERS zone.
7:42 of 1st period - Brandon Tanev is hit by Alec Martinez and loses puck.
8:13 of 1st period - Shot by Sam Bennett.
8:13 of 1st period - Stopped by Martin Jones with a rebound.
8:24 of 1st period - Alexander DeBrincat is hit by Nick Holden and loses puck.
8:29 of 1st period - Shot by Alexander DeBrincat.
8:29 of 1st period - Stopped by Martin Jones without a rebound.
8:30 of 1st period - Chandler Stephenson wins face-off versus Sean Kuraly in PORTLAND PIRATES zone.
8:30 of 1st period - Chandler Stephenson is hit by Trevor Lewis.
9:10 of 1st period - Off-side.
9:11 of 1st period - Brayden Schenn wins face-off versus Michael McLeod in neutral zone.
9:20 of 1st period - Shot by Brayden Schenn.
9:20 of 1st period - Shot Misses the Net.
10:17 of 1st period - Off-side.
10:18 of 1st period - Chandler Stephenson wins face-off versus Sam Bennett in neutral zone.
10:23 of 1st period - Adam Larsson is hit by Yanni Gourde and loses puck.
11:02 of 1st period - Shot by Alexander DeBrincat.
11:02 of 1st period - Stopped by Martin Jones without a rebound.
11:03 of 1st period - Sean Kuraly wins face-off versus Mika Zibanejad in PORTLAND PIRATES zone.
11:18 of 1st period - Shot by Matthew Nieto.
11:18 of 1st period - Deflect By Sean Kuraly.
11:18 of 1st period - Goal by Sean Kuraly - PORTLAND PIRATES : 0 - WINNIPEG BEAVERS : 1.
11:19 of 1st period - Michael McLeod wins face-off versus Brayden Schenn in neutral zone.
11:32 of 1st period - Shot by John Carlson.
11:32 of 1st period - Stopped by Martin Jones without a rebound.
11:33 of 1st period - Mika Zibanejad wins face-off versus Trevor Lewis in PORTLAND PIRATES zone.
12:04 of 1st period - Shot by Travis Konecny.
12:04 of 1st period - Stopped by Ville Husso with a rebound.
12:26 of 1st period - Shot by Sam Bennett.
12:26 of 1st period - Shot Misses the Net.
12:28 of 1st period - Shot by Ondrej Palat.
12:28 of 1st period - The goal is going for a video replay.
12:28 of 1st period - The goal is good.
12:28 of 1st period - Goal by Ondrej Palat - PORTLAND PIRATES : 0 - WINNIPEG BEAVERS : 2.
12:29 of 1st period - Brayden Schenn wins face-off versus William Carrier in neutral zone.
12:39 of 1st period - Brett Pesce is hit by Carson Soucy and loses puck.
12:41 of 1st period - Minor Penalty to William Carrier for Interference.
12:42 of 1st period - Michael McLeod wins face-off versus Sam Bennett in PORTLAND PIRATES zone.
12:42 of 1st period - Nathan Bastian is hit by Alexander DeBrincat and loses puck.
14:50 of 1st period - Icing by Brett Pesce.
14:51 of 1st period - Trevor Lewis wins face-off versus Mika Zibanejad in PORTLAND PIRATES zone.
15:09 of 1st period - Minor Penalty to Travis Hamonic for Hooking.
15:10 of 1st period - Sam Bennett wins face-off versus Yanni Gourde in PORTLAND PIRATES zone.
15:11 of 1st period - Shot by Victor Hedman.
15:11 of 1st period - Shot Misses the Net.
15:13 of 1st period - Shot by Adam Larsson.
15:13 of 1st period - Shot Misses the Net.
15:15 of 1st period - Shot by Victor Hedman.
15:15 of 1st period - Shot Hit the Post.
15:17 of 1st period - Shot by Alexander DeBrincat.
15:17 of 1st period - Shot Misses the Net.
15:19 of 1st period - Shot by Adam Larsson.
15:19 of 1st period - Stopped by Martin Jones with a rebound.
15:21 of 1st period - Shot by Adam Larsson.
15:21 of 1st period - Stopped by Martin Jones without a rebound.
15:22 of 1st period - Michael McLeod wins face-off versus Sam Bennett in PORTLAND PIRATES zone.
15:33 of 1st period - Shot by Victor Hedman.
15:33 of 1st period - Shot Blocked by Brett Pesce.
15:35 of 1st period - Shot by Adam Larsson.
15:35 of 1st period - Shot Blocked by Marc Staal.
15:37 of 1st period - Shot by Victor Hedman.
15:37 of 1st period - Stopped by Martin Jones without a rebound.
15:38 of 1st period - Yanni Gourde wins face-off versus Brayden Schenn in PORTLAND PIRATES zone.
16:49 of 1st period - Shot by Ondrej Palat.
16:49 of 1st period - Shot Misses the Net.
17:05 of 1st period - Shot by Victor Hedman.
17:05 of 1st period - Stopped by Martin Jones without a rebound.
17:06 of 1st period - Brayden Schenn wins face-off versus Yanni Gourde in PORTLAND PIRATES zone.
17:19 of 1st period - Shot by Trevor Lewis.
17:19 of 1st period - Goal by Trevor Lewis - PORTLAND PIRATES : 0 - WINNIPEG BEAVERS : 3.
17:20 of 1st period - Chandler Stephenson wins face-off versus Derick Brassard in neutral zone.
17:27 of 1st period - Icing by Adam Larsson.
17:28 of 1st period - Chandler Stephenson wins face-off versus Derick Brassard in WINNIPEG BEAVERS zone.
17:29 of 1st period - Shot by Robert Thomas.
17:29 of 1st period - Stopped by Ville Husso without a rebound.
17:30 of 1st period - Chandler Stephenson wins face-off versus Sam Bennett in WINNIPEG BEAVERS zone.
17:39 of 1st period - Shot by Robert Thomas.
17:39 of 1st period - Stopped by Ville Husso without a rebound.
17:39 of 1st period - Minor Penalty to Adam Larsson for Interference.
17:40 of 1st period - Sean Kuraly wins face-off versus Mika Zibanejad in WINNIPEG BEAVERS zone.
18:03 of 1st period - Shot by Mika Zibanejad.
18:03 of 1st period - Stopped by Ville Husso without a rebound.
18:04 of 1st period - Robert Thomas wins face-off versus Sam Bennett in WINNIPEG BEAVERS zone.
18:23 of 1st period - Shot by Yanni Gourde.
18:23 of 1st period - Stopped by Ville Husso without a rebound.
18:24 of 1st period - Chandler Stephenson wins face-off versus Sean Kuraly in WINNIPEG BEAVERS zone.
18:29 of 1st period - Shot by Mika Zibanejad.
18:29 of 1st period - Deflect By Chandler Stephenson.
18:29 of 1st period - Stopped by Ville Husso with a rebound.
18:31 of 1st period - Shot by Nick Holden.
18:31 of 1st period - Stopped by Ville Husso without a rebound.
18:32 of 1st period - Sean Kuraly wins face-off versus Mika Zibanejad in WINNIPEG BEAVERS zone.
18:51 of 1st period - Shot by Travis Konecny.
18:51 of 1st period - Shot Misses the Net.
Goals for this period are 0 for PORTLAND PIRATES vs 3 for WINNIPEG BEAVERS.
Shots for this period are 10 for PORTLAND PIRATES vs 11 for WINNIPEG BEAVERS.

2nd period


0:01 of 2nd period - Michael McLeod wins face-off versus Sam Bennett in neutral zone.
0:12 of 2nd period - Shot by William Carrier.
0:12 of 2nd period - Shot Misses the Net.
1:03 of 2nd period - Off-side.
1:04 of 2nd period - Chandler Stephenson wins face-off versus Sean Kuraly in neutral zone.
1:09 of 2nd period - Trevor Lewis is hit by Chandler Stephenson and loses puck.
1:20 of 2nd period - Shot by Chandler Stephenson.
1:20 of 2nd period - Shot Misses the Net.
1:22 of 2nd period - Shot by Chandler Stephenson.
1:22 of 2nd period - Deflect By Yanni Gourde.
1:22 of 2nd period - Shot Misses the Net.
1:24 of 2nd period - Shot by Brett Pesce.
1:24 of 2nd period - Stopped by Ville Husso without a rebound.
1:25 of 2nd period - Brayden Schenn wins face-off versus Travis Konecny in WINNIPEG BEAVERS zone.
2:17 of 2nd period - Off-side.
2:18 of 2nd period - Sam Bennett wins face-off versus Chandler Stephenson in neutral zone.
2:37 of 2nd period - Shot by Chandler Stephenson.
2:37 of 2nd period - Stopped by Ville Husso without a rebound.
2:38 of 2nd period - Michael McLeod wins face-off versus Sean Kuraly in WINNIPEG BEAVERS zone.
2:39 of 2nd period - Shot by William Carrier.
2:39 of 2nd period - Shot Misses the Net.
2:57 of 2nd period - Shot by Matthew Nieto.
2:57 of 2nd period - Stopped by Martin Jones with a rebound.
2:59 of 2nd period - Shot by Sean Kuraly.
2:59 of 2nd period - Stopped by Martin Jones without a rebound.
3:00 of 2nd period - Sam Bennett wins face-off versus Chandler Stephenson in PORTLAND PIRATES zone.
3:03 of 2nd period - Shot by Alexander DeBrincat.
3:03 of 2nd period - Deflect By Sam Bennett.
3:03 of 2nd period - Stopped by Martin Jones without a rebound.
3:04 of 2nd period - Sam Bennett wins face-off versus Chandler Stephenson in PORTLAND PIRATES zone.
3:37 of 2nd period - Shot by Chandler Stephenson.
3:37 of 2nd period - Shot Misses the Net.
3:39 of 2nd period - Shot by Brian Dumoulin.
3:39 of 2nd period - Stopped by Ville Husso without a rebound.
3:40 of 2nd period - Brayden Schenn wins face-off versus Michael McLeod in WINNIPEG BEAVERS zone.
3:53 of 2nd period - Shot by Brandon Tanev.
3:53 of 2nd period - Shot Misses the Net.
4:02 of 2nd period - Shot by Michael Amadio.
4:02 of 2nd period - Stopped by Ville Husso without a rebound.
4:03 of 2nd period - Sean Kuraly wins face-off versus Mika Zibanejad in WINNIPEG BEAVERS zone.
4:03 of 2nd period - Sean Kuraly is hit by Travis Konecny.
5:31 of 2nd period - Shot by Chandler Stephenson.
5:31 of 2nd period - Stopped by Ville Husso without a rebound.
5:32 of 2nd period - Brayden Schenn wins face-off versus Michael McLeod in WINNIPEG BEAVERS zone.
5:44 of 2nd period - Off-side.
5:45 of 2nd period - Chandler Stephenson wins face-off versus Derick Brassard in neutral zone.
6:20 of 2nd period - Shot by Cal Clutterbuck.
6:20 of 2nd period - Shot Misses the Net.
6:42 of 2nd period - Shot by Brayden Schenn.
6:42 of 2nd period - Shot Misses the Net.
6:44 of 2nd period - Shot by Victor Hedman.
6:44 of 2nd period - Shot Misses the Net.
6:46 of 2nd period - Shot by Victor Hedman.
6:46 of 2nd period - Shot Misses the Net.
6:57 of 2nd period - Shot by Brandon Tanev.
6:57 of 2nd period - Stopped by Martin Jones with a rebound.
7:27 of 2nd period - Shot by Alexander DeBrincat.
7:27 of 2nd period - Deflect By Sam Bennett.
7:27 of 2nd period - Shot Blocked by Brian Dumoulin.
7:56 of 2nd period - Minor Penalty to Sam Bennett for Tripping.
7:57 of 2nd period - Sean Kuraly wins face-off versus Mika Zibanejad in WINNIPEG BEAVERS zone.
8:18 of 2nd period - Shot by Travis Konecny.
8:18 of 2nd period - Shot Misses the Net.
8:48 of 2nd period - Mika Zibanejad is hit by Luke Schenn.
8:56 of 2nd period - Shot by Mika Zibanejad.
8:56 of 2nd period - Stopped by Ville Husso without a rebound.
8:57 of 2nd period - Derick Brassard wins face-off versus Michael Amadio in WINNIPEG BEAVERS zone.
8:57 of 2nd period - Adam Larsson is hit by Nathan Bastian and loses puck.
9:04 of 2nd period - Pavel Zacha is hit by Derick Brassard and loses puck.
9:57 of 2nd period - Shot by Nathan Bastian.
9:57 of 2nd period - Shot Blocked by Caleb Jones.
9:57 of 2nd period - Caleb Jones from WINNIPEG BEAVERS is injured at 9:57 of 2nd period (Broken Right Foot Toe).
9:58 of 2nd period - Michael McLeod wins face-off versus Sam Bennett in WINNIPEG BEAVERS zone.
10:27 of 2nd period - Shot by Alexander DeBrincat.
10:27 of 2nd period - Deflect By Sam Bennett.
10:27 of 2nd period - Shot Misses the Net.
11:17 of 2nd period - Shot by Mika Zibanejad.
11:17 of 2nd period - Deflect By Travis Konecny.
11:17 of 2nd period - Stopped by Ville Husso with a rebound.
11:57 of 2nd period - Shot by Chandler Stephenson.
11:57 of 2nd period - Stopped by Ville Husso with a rebound.
11:59 of 2nd period - Shot by Robert Thomas.
11:59 of 2nd period - Deflect By Chandler Stephenson.
11:59 of 2nd period - Shot Misses the Net.
12:24 of 2nd period - Icing by Brett Pesce.
12:25 of 2nd period - Sean Kuraly wins face-off versus Michael McLeod in PORTLAND PIRATES zone.
13:05 of 2nd period - Icing by Nick Holden.
13:06 of 2nd period - Cal Clutterbuck wins face-off versus Mika Zibanejad in PORTLAND PIRATES zone.
13:07 of 2nd period - Shot by Derick Brassard.
13:07 of 2nd period - Stopped by Martin Jones without a rebound.
13:08 of 2nd period - Brayden Schenn wins face-off versus Travis Konecny in PORTLAND PIRATES zone.
13:11 of 2nd period - Shot by Brandon Tanev.
13:11 of 2nd period - Stopped by Martin Jones without a rebound.
13:12 of 2nd period - Brayden Schenn wins face-off versus Travis Konecny in PORTLAND PIRATES zone.
13:51 of 2nd period - Shot by Travis Konecny.
13:51 of 2nd period - Stopped by Ville Husso without a rebound.
13:52 of 2nd period - Chandler Stephenson wins face-off versus Sam Bennett in WINNIPEG BEAVERS zone.
14:11 of 2nd period - Shot by Robert Thomas.
14:11 of 2nd period - Stopped by Ville Husso without a rebound.
14:12 of 2nd period - Sean Kuraly wins face-off versus Michael McLeod in WINNIPEG BEAVERS zone.
14:21 of 2nd period - Shot by John Carlson.
14:21 of 2nd period - Deflect By Trevor Lewis.
14:21 of 2nd period - Stopped by Martin Jones with a rebound.
14:35 of 2nd period - Shot by Michael Amadio.
14:35 of 2nd period - Stopped by Ville Husso without a rebound.
14:36 of 2nd period - Brandon Saad wins face-off versus Mika Zibanejad in WINNIPEG BEAVERS zone.
14:36 of 2nd period - Brandon Saad is hit by Travis Konecny.
14:45 of 2nd period - Shot by Mika Zibanejad.
14:45 of 2nd period - Shot Misses the Net.
14:47 of 2nd period - Shot by Mika Zibanejad.
14:47 of 2nd period - Stopped by Ville Husso without a rebound.
14:48 of 2nd period - Sam Bennett wins face-off versus Chandler Stephenson in WINNIPEG BEAVERS zone.
15:00 of 2nd period - Icing by Victor Hedman.
15:01 of 2nd period - Sam Bennett wins face-off versus Mika Zibanejad in WINNIPEG BEAVERS zone.
15:26 of 2nd period - Shot by Ondrej Palat.
15:26 of 2nd period - Stopped by Martin Jones without a rebound.
15:27 of 2nd period - Brayden Schenn wins face-off versus Chandler Stephenson in PORTLAND PIRATES zone.
15:30 of 2nd period - Shot by Brayden Schenn.
15:30 of 2nd period - Shot Misses the Net.
15:32 of 2nd period - Shot by Adam Larsson.
15:32 of 2nd period - Shot Blocked by Marc Staal.
15:56 of 2nd period - Shot by Brandon Saad.
15:56 of 2nd period - Stopped by Martin Jones without a rebound.
15:57 of 2nd period - William Carrier wins face-off versus Alexander DeBrincat in PORTLAND PIRATES zone.
16:26 of 2nd period - Shot by William Carrier.
16:26 of 2nd period - Shot Misses the Net.
16:28 of 2nd period - Shot by Brett Pesce.
16:28 of 2nd period - Stopped by Ville Husso without a rebound.
16:29 of 2nd period - Mika Zibanejad wins face-off versus Brayden Schenn in WINNIPEG BEAVERS zone.
17:39 of 2nd period - Chandler Stephenson is hit by Luke Schenn and loses puck.
17:42 of 2nd period - Shot by Chandler Stephenson.
17:42 of 2nd period - Shot Misses the Net.
18:02 of 2nd period - Shot by Yanni Gourde.
18:02 of 2nd period - Shot Blocked by Luke Schenn.
18:16 of 2nd period - Shot by Michael McLeod.
18:16 of 2nd period - Stopped by Ville Husso with a rebound.
18:39 of 2nd period - Michael Amadio is hit by Luke Schenn and loses puck.
19:20 of 2nd period - Shot by Sean Kuraly.
19:20 of 2nd period - Deflect By Trevor Lewis.
19:20 of 2nd period - Stopped by Martin Jones without a rebound.
19:21 of 2nd period - Mika Zibanejad wins face-off versus Brayden Schenn in PORTLAND PIRATES zone.
19:34 of 2nd period - Brandon Tanev is hit by Pavel Zacha and loses puck.
19:47 of 2nd period - Shot by Mika Zibanejad.
19:47 of 2nd period - Shot Misses the Net.
19:49 of 2nd period - Shot by Brian Dumoulin.
19:49 of 2nd period - Shot Misses the Net.
19:59 of 2nd period - Shot by Travis Konecny.
19:59 of 2nd period - Stopped by Ville Husso without a rebound.
Goals for this period are 0 for PORTLAND PIRATES vs 0 for WINNIPEG BEAVERS.
Shots for this period are 15 for PORTLAND PIRATES vs 10 for WINNIPEG BEAVERS.

3rd period


0:01 of 3rd period - Chandler Stephenson wins face-off versus Brayden Schenn in neutral zone.
0:25 of 3rd period - Icing by Travis Hamonic.
0:26 of 3rd period - Sam Bennett wins face-off versus Chandler Stephenson in PORTLAND PIRATES zone.
0:57 of 3rd period - Shot by Robert Thomas.
0:57 of 3rd period - Shot Misses the Net.
1:20 of 3rd period - Travis Konecny is hit by Sam Bennett and loses puck.
1:27 of 3rd period - Adam Larsson is hit by Travis Konecny and loses puck.
1:37 of 3rd period - Shot by Pavel Zacha.
1:37 of 3rd period - Goal by Pavel Zacha - PORTLAND PIRATES : 1 - WINNIPEG BEAVERS : 3.
1:38 of 3rd period - Michael McLeod wins face-off versus Brayden Schenn in neutral zone.
2:05 of 3rd period - Shot by William Carrier.
2:05 of 3rd period - Shot Misses the Net.
2:11 of 3rd period - Shot by Brandon Tanev.
2:11 of 3rd period - Stopped by Martin Jones without a rebound.
2:12 of 3rd period - Chandler Stephenson wins face-off versus Sean Kuraly in PORTLAND PIRATES zone.
2:19 of 3rd period - Shot by Carson Soucy.
2:19 of 3rd period - Stopped by Martin Jones without a rebound.
2:20 of 3rd period - Sean Kuraly wins face-off versus Mika Zibanejad in PORTLAND PIRATES zone.
2:27 of 3rd period - Shot by Sean Kuraly.
2:27 of 3rd period - Shot Misses the Net.
4:03 of 3rd period - Shot by Yanni Gourde.
4:03 of 3rd period - Shot Blocked by Luke Schenn.
4:52 of 3rd period - Shot by Alexander DeBrincat.
4:52 of 3rd period - Goal by Alexander DeBrincat - PORTLAND PIRATES : 1 - WINNIPEG BEAVERS : 4.
4:52 of 3rd period - Cameron Talbot enters game.
4:53 of 3rd period - Derick Brassard wins face-off versus Ryan Donato in neutral zone.
5:42 of 3rd period - Nick Cousins is hit by Brett Pesce and loses puck.
5:48 of 3rd period - Off-side.
5:49 of 3rd period - Brayden Schenn wins face-off versus Mika Zibanejad in neutral zone.
6:30 of 3rd period - Shot by Mika Zibanejad.
6:30 of 3rd period - Shot Misses the Net.
6:33 of 3rd period - Icing by Carson Soucy.
6:34 of 3rd period - Brayden Schenn wins face-off versus Robert Thomas in WINNIPEG BEAVERS zone.
6:59 of 3rd period - Shot by Ondrej Palat.
6:59 of 3rd period - Shot Misses the Net.
7:02 of 3rd period - Minor Penalty to Sam Bennett for Cross-checking.
7:03 of 3rd period - Mika Zibanejad wins face-off versus Sean Kuraly in WINNIPEG BEAVERS zone.
8:28 of 3rd period - Icing by Yanni Gourde.
8:29 of 3rd period - Robert Thomas wins face-off versus Sean Kuraly in PORTLAND PIRATES zone.
8:58 of 3rd period - Shot by Mika Zibanejad.
8:58 of 3rd period - Stopped by Ville Husso without a rebound.
8:59 of 3rd period - Mika Zibanejad wins face-off versus Brandon Saad in WINNIPEG BEAVERS zone.
9:00 of 3rd period - Shot by Chandler Stephenson.
9:00 of 3rd period - Shot Blocked by Luke Schenn.
9:06 of 3rd period - Shot by Michael McLeod.
9:06 of 3rd period - Deflect By William Carrier.
9:06 of 3rd period - Stopped by Ville Husso without a rebound.
9:07 of 3rd period - Mika Zibanejad wins face-off versus Sam Bennett in WINNIPEG BEAVERS zone.
9:27 of 3rd period - John Carlson is hit by Mika Zibanejad and loses puck.
9:33 of 3rd period - Alexander DeBrincat is hit by Brian Dumoulin and loses puck.
10:08 of 3rd period - Minor Penalty to Yanni Gourde for Roughing.
10:09 of 3rd period - Brayden Schenn wins face-off versus Michael McLeod in PORTLAND PIRATES zone.
11:40 of 3rd period - Shot by Brayden Schenn.
11:40 of 3rd period - Stopped by Cameron Talbot with a rebound.
11:42 of 3rd period - Shot by Adam Larsson.
11:42 of 3rd period - Shot Misses the Net.
11:44 of 3rd period - Shot by Brayden Schenn.
11:44 of 3rd period - Shot Blocked by Brett Pesce.
11:46 of 3rd period - Shot by Adam Larsson.
11:46 of 3rd period - Goal by Adam Larsson - PORTLAND PIRATES : 1 - WINNIPEG BEAVERS : 5.
11:47 of 3rd period - Sean Kuraly wins face-off versus Chandler Stephenson in neutral zone.
12:55 of 3rd period - Derick Brassard is hit by Travis Hamonic.
13:18 of 3rd period - Minor Penalty to Travis Konecny for Hooking.
13:19 of 3rd period - Michael McLeod wins face-off versus Sam Bennett in PORTLAND PIRATES zone.
13:36 of 3rd period - Shot by Ondrej Palat.
13:36 of 3rd period - Stopped by Cameron Talbot without a rebound.
13:37 of 3rd period - Yanni Gourde wins face-off versus Brayden Schenn in PORTLAND PIRATES zone.
14:26 of 3rd period - Shot by Sam Bennett.
14:26 of 3rd period - Shot Blocked by Brian Dumoulin.
14:28 of 3rd period - Shot by Adam Larsson.
14:28 of 3rd period - Stopped by Cameron Talbot with a rebound.
14:36 of 3rd period - Shot by Alexander DeBrincat.
14:36 of 3rd period - Stopped by Cameron Talbot without a rebound.
14:37 of 3rd period - Michael McLeod wins face-off versus Sam Bennett in PORTLAND PIRATES zone.
15:52 of 3rd period - Icing by Brayden Schenn.
15:53 of 3rd period - Chandler Stephenson wins face-off versus Brandon Saad in WINNIPEG BEAVERS zone.
15:53 of 3rd period - Chandler Stephenson is hit by Luke Schenn.
16:18 of 3rd period - Icing by Marc Staal.
16:19 of 3rd period - Sean Kuraly wins face-off versus Chandler Stephenson in PORTLAND PIRATES zone.
16:23 of 3rd period - Icing by Marc Staal.
16:24 of 3rd period - Ondrej Palat wins face-off versus Robert Thomas in PORTLAND PIRATES zone.
16:25 of 3rd period - Shot by Sam Bennett.
16:25 of 3rd period - Stopped by Cameron Talbot without a rebound.
16:26 of 3rd period - Michael McLeod wins face-off versus Sam Bennett in PORTLAND PIRATES zone.
16:26 of 3rd period - Michael McLeod is hit by Ondrej Palat.
16:49 of 3rd period - Icing by Alexander DeBrincat.
16:50 of 3rd period - Sam Bennett wins face-off versus Chandler Stephenson in WINNIPEG BEAVERS zone.
18:02 of 3rd period - Icing by Travis Hamonic.
18:03 of 3rd period - Chandler Stephenson wins face-off versus Sean Kuraly in PORTLAND PIRATES zone.
18:33 of 3rd period - Icing by Marc Staal.
18:34 of 3rd period - Brayden Schenn wins face-off versus Michael McLeod in PORTLAND PIRATES zone.
19:03 of 3rd period - Shot by Michael McLeod.
19:03 of 3rd period - Stopped by Ville Husso without a rebound.
19:04 of 3rd period - Sam Bennett wins face-off versus Mika Zibanejad in WINNIPEG BEAVERS zone.
19:16 of 3rd period - Shot by Ondrej Palat.
19:16 of 3rd period - Stopped by Cameron Talbot without a rebound.
19:17 of 3rd period - Sean Kuraly wins face-off versus Ryan Donato in PORTLAND PIRATES zone.
19:46 of 3rd period - Shot by Alec Martinez.
19:46 of 3rd period - Shot Blocked by Trevor Lewis.
19:48 of 3rd period - Shot by Nick Holden.
19:48 of 3rd period - Shot Blocked by Victor Hedman.
Goals for this period are 1 for PORTLAND PIRATES vs 2 for WINNIPEG BEAVERS.
Shots for this period are 4 for PORTLAND PIRATES vs 10 for WINNIPEG BEAVERS.


BLAKE
WHEELER
STEVEN
STAMKOS
DREW
DOUGHTY

EAST COAST

HOCKEY LEAGUE

  • 63.RHI2PIT5
  • 64.WOR4ATL3
  • 65.QUECHW
  • 66.CHATRV